 Dungeon Crawl Stone Soup version 0.29.1-1-gd02db6906a (webtiles) character file.

Game seed: 13572130114291349547

3506 safid the Marksminotaur (level 9, -8/69 HPs)
             Began as a Minotaur Hunter on Oct 12, 2022.
             Mangled by a death yak (22 damage)
             ... on level 8 of the Dungeon.
             The game lasted 00:13:37 (9210 turns).

safid the Marksminotaur (Minotaur Hunter)           Turns: 9210, Time: 00:13:37

Health: -8/69      AC:  7    Str: 16    XL:     9   Next: 80%
Magic:  8/8        EV: 13    Int:  6    God:
Gold:   235        SH:  0    Dex: 24    Spells: 8/8 levels left

rFire   . . .      SeeInvis .   a - +0 shortbow
rCold   . . .      Faith    .   (shield currently unavailable)
rNeg    . . .      Spirit   .   w - +1 leather armour {rPois}
rPois   +          Reflect  .   (helmet restricted)
rElec   .          Harm     .   (no cloak)
rCorr   .          Rampage  .   A - +0 pair of gloves
Will    +....                   o - +1 pair of boots
Stlth   ++........              (no amulet)
HPRegen 0.21/turn               q - ring of willpower
MPRegen 0.11/turn               f - +6 ring of dexterity

@: about to teleport, studying Long Blades
A: horns 2, retaliatory headbutt
a: no special abilities


You were on level 8 of the Dungeon.
You visited 2 branches of the dungeon, and saw 9 of its levels.

You collected 612 gold pieces.
You spent 377 gold pieces at shops.

Inventory:

Hand Weapons
 a - a +0 shortbow (weapon)
Missiles
 u - 5 javelins
 x - a throwing net
Armour
 o - a +1 pair of boots (worn)
 w - a +1 leather armour of poison resistance (worn)
 A - a +0 pair of gloves (worn)
Jewellery
 f - a +6 ring of dexterity (right hand)
 q - a ring of willpower (left hand)
 t - a ring of flight
Wands
 s - a wand of flame (21)
 y - a wand of acid (6)
 C - a wand of paralysis (6)
Scrolls
 b - 4 scrolls of immolation
 c - a scroll of amnesia {unknown}
 g - 6 scrolls of teleportation
 h - 2 scrolls of torment
 i - a scroll of fear {unknown}
 l - 3 scrolls of vulnerability
 m - a scroll of noise {unknown}
 p - a scroll of enchant armour {unknown}
 r - 3 scrolls of butterflies
 B - a scroll of brand weapon
 D - a scroll of identify
Potions
 d - a potion of berserk rage {unknown}
 e - 2 potions of haste
 j - a potion of lignification {unknown}
 k - 2 potions of heal wounds
 n - 3 potions of curing {unknown}
 v - 2 potions of flight {unknown}
 z - a potion of degeneration {unknown}


   Skills:
 - Level 3.0 Fighting
 + Level 15.5 Ranged Weapons
 - Level 2.1 Dodging
 - Level 0.7 Stealth


You had 8 spell levels left.
You didn't know any spells.
Your spell library contained the following spells:

 Spells                   Type           Power      Damage    Failure   Level
 Freeze                   Ice            0%         1d3       52%         1
 Scorch                   Fire           0%         2d5       67%         2
 Sublimation of Blood     Necr           0%         N/A       67%         2
 Frozen Ramparts          Ice            0%         1d1       88%         3
 Summon Guardian Golem    Hex/Summ       0%         N/A       88%         3
 Hailstorm                Conj/Ice       0%         3d3       99%         4
 Petrify                  Tmut/Erth      0%         N/A       99%         4
 Irradiate                Conj/Tmut      0%         3d11      100%        5
 Orb of Destruction       Conj           0%         9d5       100%        7
 Spellforged Servitor     Conj/Summ      0%         N/A       100%        7


Dungeon Overview and Level Annotations

Branches:
Dungeon (8/15)             Temple (1/1) D:5
   Lair: D:8-11

Altars:
Ashenzari
Dithmenos
Elyvilon
Fedhas
Gozag
Kikubaaqudgha
Makhleb
Nemelex Xobeh
Qazlal
Ru
Sif Muna
Trog
The Shining One

Shops:
D:1 *   D:6 *


Innate Abilities, Weirdness & Mutations

You have a pair of horns on your head.
You reflexively headbutt those who attack you in melee.


Message History

The death yak is severely wounded.
You shoot an arrow.
The arrow hits the death yak but does no damage.
The death yak is severely wounded.
The death yak gores you! The death yak barely misses you.
You shoot an arrow.
The arrow hits the death yak but does no damage.
The death yak is severely wounded.
The death yak gores you!! The death yak gores you!
* * * LOW HITPOINT WARNING * * *
You are too injured to fight recklessly!
You are too injured to fight recklessly!
You are too injured to fight recklessly!
You are too injured to fight recklessly!
You are too injured to fight recklessly!
You are too injured to fight recklessly!
You are too injured to fight recklessly!
You are too injured to fight recklessly!
You are too injured to fight recklessly!
You are too injured to fight recklessly!
You are too injured to fight recklessly!
You are too injured to fight recklessly!
You are too injured to fight recklessly!
You are too injured to fight recklessly!
You are too injured to fight recklessly!
You are too injured to fight recklessly!
You are too injured to fight recklessly!
You are too injured to fight recklessly!
You are too injured to fight recklessly!
You are too injured to fight recklessly!
You are too injured to fight recklessly!
You are too injured to fight recklessly!
Unknown command.
The death yak attacks as you move away! The death yak gores you.
* * * LOW HITPOINT WARNING * * *
Things that are here:
a +0 mace; a +0 ring mail; a yak corpse
As you read the scroll of teleportation, it crumbles to dust.
You feel strangely unstable. The death yak gores you!!
You die...

##..## #..#######.
###.## ##........#
# ##.## ##.#######
..# #..###.#####
#...####.........#
#...##....####..#
#.....### #
..######...#
.......@##.#
..######Y..#
#Y..### #.Y.###
#..Y.# ......
..... #.... #..#


You could see a death yak.

Vanquished Creatures
  2 yaks (D:8)
  Eustachio (D:5)
  A wyvern (D:7)
  Menkaure (D:5)
  An orc warrior (D:4)
  A black bear (D:5)
  2 ogres
  3 wolves
  A centaur (D:7)
  3 phantoms (D:5)
  3 kobold brigands
  A bullfrog (D:6)
  3 necrophages
  A gnoll sergeant (D:6)
  2 scorpions
  A jelly (D:6)
  6 orc priests
  13 hounds
  Terence (D:3)
  4 iguanas
  8 orc wizards
  17 gnolls
  5 adders
  2 white imps (D:6)
  An ufetubus (D:7)
  A worm (D:4)
  5 dart slugs
  19 orcs
  3 ball pythons
  5 endoplasms
  2 giant cockroaches (D:4)
  9 goblins
  6 hobgoblins
  7 jackals
  15 kobolds
  3 quokkas
  4 bats
  6 frilled lizards
  6 rats
175 creatures vanquished.

Vanquished Creatures (others)
  9 plants (D:3)
9 creatures vanquished.

Grand Total: 184 creatures vanquished

Notes
Turn   | Place    | Note
-------+----------+-------------------------------------------
     0 | D:1      | safid the Minotaur Hunter began the quest for the Orb.
     0 | D:1      | Reached XP level 1. HP: 18/18 MP: 0/0
   173 | D:1      | Reached XP level 2. HP: 25/25 MP: 1/1
   215 | D:1      | Found Ozetsitt's General Store.
   515 | D:1      | Reached skill level 5 in Ranged Weapons
   777 | D:1      | Bought a potion of heal wounds for 70 gold pieces
   893 | D:1      | Found a faded altar of an unknown god.
  1094 | D:2      | Reached XP level 3. HP: 31/31 MP: 2/2
  1800 | D:3      | Reached skill level 6 in Ranged Weapons
  1800 | D:3      | Reached XP level 4. HP: 38/38 MP: 3/3
  2209 | D:3      | Identified the +4 hand axe of a treasure trove {drain,
                  | rElec rPois Str-4}
  2232 | D:3      | Noticed Terence
  2248 | D:3      | Killed Terence
  2659 | D:2      | Reached XP level 5. HP: 21/45 MP: 4/4
  2843 | D:3      | Found a burning altar of Makhleb.
  3126 | D:4      | Reached skill level 7 in Ranged Weapons
  3703 | D:4      | Noticed an orc warrior
  3710 | D:4      | Killed an orc warrior
  3711 | D:4      | Reached skill level 8 in Ranged Weapons
  3711 | D:4      | Reached XP level 6. HP: 38/51 MP: 5/5
  3783 | D:4      | Found a bloodstained altar of Trog.
  3794 | D:4      | Found a shimmering blue altar of Sif Muna.
  3936 | D:4      | Got Sif Muna's Reference Book on the Arsonist
  4296 | D:4      | Reached skill level 9 in Ranged Weapons
  4300 | D:4      | Reached XP level 7. HP: 51/57 MP: 6/6
  4467 | D:5      | Entered Level 5 of the Dungeon
  4531 | D:5      | Noticed Menkaure
  4535 | D:5      | Killed Menkaure
  4561 | D:5      | Reached skill level 10 in Ranged Weapons
  4823 | D:5      | Found a shadowy altar of Dithmenos.
  4947 | D:5      | Reached skill level 11 in Ranged Weapons
  4947 | D:5      | Reached XP level 8. HP: 46/63 MP: 7/7
  5442 | D:5      | Noticed Eustachio
  5482 | D:5      | Killed Eustachio
  5483 | D:5      | Reached skill level 12 in Ranged Weapons
  5529 | D:5      | Found a staircase to the Ecumenical Temple.
  5565 | Temple   | Entered the Ecumenical Temple
  6296 | D:6      | Found Udoenaur's General Store.
  6306 | D:6      | Bought a scroll of identify for 20 gold pieces
  6338 | D:6      | Reached skill level 13 in Ranged Weapons
  6517 | D:6      | Found a white marble altar of Elyvilon.
  6630 | D:6      | Reached XP level 9. HP: 66/69 MP: 8/8
  7144 | D:6      | HP: 3/69 [gnoll sergeant/+4 antimagic trident (13)]
  7146 | D:6      | Reached skill level 14 in Ranged Weapons
  7998 | D:1      | Bought a scroll of teleportation for 42 gold pieces
  7998 | D:1      | Bought a scroll of brand weapon for 133 gold pieces
  7998 | D:1      | Bought a potion of heal wounds for 70 gold pieces
  7998 | D:1      | Bought a scroll of teleportation for 42 gold pieces
  8550 | D:7      | Reached skill level 15 in Ranged Weapons
  8829 | D:7      | Found a sparkling altar of Nemelex Xobeh.
  8829 | D:7      | Found an opulent altar of Gozag.
  9191 | D:8      | Noticed a death yak
  9198 | D:8      | Noticed a death yak
  9200 | D:8      | Noticed a death yak
  9204 | D:8      | Noticed a death yak
  9210 | D:8      | Mangled by a death yak

Illustrated notes

Levels and vault maps discovered:
D:1:      co_arrival_two_rings, layout_basic, serial_shops,
          nicolae_diamond_shop, nicolae_ecumenical_lake_church,
          minmay_misc_feat_encased
D:2:      layout_loops_ring, serial_bayou_pond_c, chequers_serial_rivers_micro_c
D:3:      minmay_general_purpose_star, layout_basic, lightli_temple_of_fire,
          nicolae_grassy_gnolls, uniq_terence
D:4:      layout_rooms, nzn_overflow_gifts_of_might_and_magic,
          serial_corexii_hall, corexii_hall_statues_s, corexii_hall_statues_x,
          chequers_hall_statues_corner_a, corexii_hall_statues_s,
          grunt_decor_clamped, st_stairs_9, grunt_decor_mini_mirrors,
          grunt_ministairs_15
D:5:      layout_basic, grunt_dithmenos_smoke_and_mirrors,
          minmay_temple_entry_offerings, minmay_misc_feat_hallway,
          minmay_misc_feat_square, nicolae_kite_square_tiling_tiny,
          uniq_eustachio, uniq_menkaure
D:6:      layout_cave_pools, elyvilon_altar_5, serial_gnoll_camp,
          gnoll_camp_mini_doghouse, gnoll_camp_mini_doghouse,
          gnoll_camp_mini_house, gnoll_camp_mini_shop
D:7:      layout_loops_ring, grunt_temple_overflow_opulence,
          kennysheep_generic_room_8
D:8:      minmay_the_grid_four_pointed_star [minmay_the_grid_triangle_9x9_sprig,
          minmay_the_grid_triangle_9x9_empty,
          minmay_the_grid_triangle_9x9_limited_checkers,
          minmay_the_grid_triangle_9x9_alien, minmay_the_grid_prize_big_room],
          layout_layer_cave, nicolae_uskayaw_murder_on_the_dancefloor,
          led_xom_imps, nicolae_overflow_crystal_walls, dpeg_lair_monsters
Temple:   nicolae_temple_superstar

Skill      XL: |  1  2  3  4  5  6  7  8  9 |
---------------+----------------------------+-----
Fighting       | 3 |  3.0
Ranged Weapons | 5 6 8 9 11 13 15 | 15.5
Dodging        | |  2.1
Stealth        | |  0.7

Action                   |  1- 3 |  4- 6 |  7- 9 || total
-------------------------+-------+-------+-------++-------
Melee: Shortbow          |       |     1 |       ||     1
 Fire: Shortbow          |    91 |   172 |   492 ||   755
Evoke: Wand              |       |       |     1 ||     1
  Use: Scroll            |       |       |     6 ||     6
Armor: Leather armour    |     5 |    33 |    73 ||   111
Dodge: Dodged            |    17 |    45 |   187 ||   249
